 Dungeon Crawl Stone Soup version 0.20-a0-991-g93344ec (webtiles) character file.

110 MudBrick2 the Chopper (level 4, 0/35 HPs)
             Began as a Barachi Skald on Apr 11, 2017.
             Succumbed to a killer bee's poison
             ... on level 3 of the Dungeon.
             The game lasted 00:16:47 (2206 turns).

MudBrick2 the Chopper (Barachi Skald)               Turns: 2206, Time: 00:16:48

Health: 0/35       AC:  8    Str: 14    XL:     4   Next: 91%
Magic:  7/7        EV:  9    Int: 13    God:
Gold:   120        SH:  0    Dex: 11    Spells: 6/7 levels left

rFire    . . .     SeeInvis .   a - +0 hand axe
rCold    + . .     Gourm    +   (no shield)
rNeg     . . .     Faith    .   u - -1 chain mail (curse)
rPois    .         Spirit   .   (no helmet)
rElec    .         Reflect  .   (no cloak)
rCorr    .         Harm     .   l - +0 pair of gloves
MR       .....                  (no boots)
Stlth    ..........             g - amulet of the gourmand
Regen    0.2/turn               f - +3 ring of evasion
MPRegen  0.1/turn               r - ring of protection from cold

@: lethally poisoned (0 -> -13), can't hop, slow
A: +LOS, swims, slowness 1, strong legs 1
a: Hop


You were on level 3 of the Dungeon.
You were completely stuffed.

You visited 1 branch of the dungeon, and saw 3 of its levels.

You collected 120 gold pieces.

Inventory:

Hand Weapons
 a - a +0 hand axe (weapon)
Armour
 b - a +0 leather armour
 k - a +0 ring mail
 l - a +0 pair of gloves (worn)
 u - a cursed -1 chain mail (worn)
Jewellery
 f - a +3 ring of evasion (left hand)
 g - an amulet of the gourmand (around neck)
 m - an uncursed ring of ice
 o - an uncursed ring of see invisible
 r - a ring of protection from cold (right hand)
Scrolls
 e - a scroll of recharging
Potions
 h - a potion of might
Books
 c - a book of Battle

   Spells                             Type                      Level
   a - Infusion                       Charms                       1
   b - Shroud of Golubria             Charms/Translocation         2
   c - Song of Slaying                Charms                       2
   d - Spectral Weapon                Hexes/Charms                 3
   e - Regeneration                   Charms/Necromancy            3
Comestibles
 d - 2 bread rations
 i - a chunk of flesh
 j - 3 meat rations


   Skills:
 * Level 3.3 Fighting
 * Level 4.1 Axes
 * Level 2.1 Armour
 * Level 2.3 Dodging
 + Level 2.2 Spellcasting
 + Level 3.7 Charms


You had 6 spell levels left.
You knew the following spells:

 Your Spells              Type           Power        Failure   Level  Hunger
a - Infusion              Chrm           ##..         98%         1    ##.....


Dungeon Overview and Level Annotations

Branches:
Dungeon (3/15)

Altars:
Ashenzari
Cheibriados
Yredelemnul


Innate Abilities, Weirdness & Mutations

Shadows flee at your approach. (+LOS)
You can swim through water.
You cover ground slowly.
You can hop short distances.


Message History

The killer bee stings you!
* * * LOW HITPOINT WARNING * * *
You are poisoned.
The killer bee poisons you!
Hop to where?
Press: ? - help, Dir - move target cursor Boing!
* * * LOW HITPOINT WARNING * * *
You feel sick.
* * * LOW HITPOINT WARNING * * *
You feel sick.
* * * LOW HITPOINT WARNING * * *
You feel sick.
* * * LOW HITPOINT WARNING * * *
You feel sick. The killer bee stings you.
* * * LOW HITPOINT WARNING * * *
You are more poisoned.
The killer bee poisons you!
The killer bee stings you but does no damage.
You die...

#.# #..........# #.# #.
###.######..........# #.# ##
#......)............# #.#
#...##..............# #.#
#..####.............# #.#
#..#≈_#.............# #.#
#..##.#.............# #.#
###..'.#####################.####
....##.#......y.@<.........>.....
#####≈_######.##############.####
# ##### #.# #.# ## #.# #.# #.#
≈###.#### #.# #.#
≈_#.....#####S##############.#
≈###.........................# ##
####..####.################ #
##.## #g#


You could see a killer bee.

Vanquished Creatures
  3 adders
  2 oozes
  2 worms (D:2)
  3 dart slugs
  A leopard gecko (D:2)
  An orc (D:3)
  3 bats
  3 giant cockroaches
  6 goblins
  11 hobgoblins
  2 jackals (D:3)
  10 kobolds
  A ball python (D:3)
  4 frilled lizards
  11 rats
63 creatures vanquished.

Notes
Turn   | Place    | Note
-------+----------+-------------------------------------------
     0 | D:1      | MudBrick2 the Barachi Skald began the quest for the Orb.
     0 | D:1      | Reached XP level 1. HP: 17/17 MP: 3/3
    52 | D:1      | Reached XP level 2. HP: 16/23 MP: 5/5
   480 | D:1      | Reached XP level 3. HP: 21/28 MP: 6/6
   494 | D:1      | Reached skill level 3 in Axes
  1069 | D:2      | Reached XP level 4. HP: 29/35 MP: 7/7
  1686 | D:3      | Found a snail-covered altar of Cheibriados.
  1733 | D:3      | Reached skill level 4 in Axes
  1765 | D:3      | Found a basalt altar of Yredelemnul.
  1765 | D:3      | Found a shattered altar of Ashenzari.
  2206 | D:3      | Succumbed to a killer bee's poison

Vault maps used:
D:1:      scummos_arrival_checkerplants, minmay_misc_feat_encased
D:2:      first_bread
D:3:      gammafunk_temple_overflow_elements, kennysheep_slug_shrine,
          nicolae_tso_swordbearing_angel

Skill      XL: |  1  2  3  4 |
---------------+-------------+-----
Axes           | 3 4 |  4.1
Fighting       | 3 |  3.3
Armour         | 2 |  2.1
Dodging        | |  2.3
Spellcasting   | |  2.2
Charms         | |  3.7

Action                   |  1- 3 |  4- 6 || total
-------------------------+-------+-------++-------
Melee: Hand axe          |   129 |   104 ||   233
 Cast: Infusion          |     1 |       ||     1
 Abil: Hop               |       |     1 ||     1
  Use: Potion            |     2 |     1 ||     3
       Scroll            |       |     7 ||     7
  Eat: Chunk             |    17 |     7 ||    24
Armor: Leather armour    |    16 |       ||    16
       Ring mail         |    34 |     5 ||    39
       Chain mail        |       |    72 ||    72
Dodge: Dodged            |    84 |    84 ||   168
